 Dungeon Crawl Stone Soup version 0.24-a0-789-g35933f4 (webtiles) character file.

Game seed: 2188398614434594865, levelgen mode: deterministic

7310 Deaus the Martial Artist (level 10, -13/74 HPs)
             Began as a Vampire Gladiator on Oct 10, 2019.
             Was a Priest of Uskayaw.
             Mangled by a two-headed ogre
             ... wielding a +0 giant club
              (21 damage)
             ... on level 9 of the Dungeon.
             The game lasted 00:32:49 (9370 turns).

Deaus the Martial Artist (Vampire Gladiator)        Turns: 9370, Time: 00:32:50

Health: -13/74     AC: 13    Str: 13    XL:     10   Next: 90%
Magic:  0/12       EV: 13    Int: 14    God:    Uskayaw [***...]
Gold:   528        SH:  0    Dex: 18    Spells: 8/11 levels left

rFire    + . .     SeeInvis +     - Unarmed
rCold    . . .     Gourm    .   (no shield)
rNeg     + + .     Faith    .   x - +5 scale mail "Vucaush" {*Drain rF+ rN++ Stlth+}
rPois    +         Spirit   +   E - +1 hat {MR+}
rElec    .         Reflect  .   k - scarf {Spirit}
rCorr    .         Harm     .   (no gloves)
MR       ++...                  (no boots)
Stlth    ++++......             (no amulet)
HPRegen  0.42/turn              g - +2 ring of dexterity
MPRegen  0.13/turn              u - ring of poison resistance

@: regenerating quickly
A: no food, fangs 3, see invisible, unbreathing
a: Exsanguinate, Stomp, Line Pass, Renounce Religion


You were on level 9 of the Dungeon.
You worshipped Uskayaw.
Uskayaw was noncommittal.
You were alive.

You visited 2 branches of the dungeon, and saw 10 of its levels.
You also visited: Sewer.

You collected 528 gold pieces.

Inventory:

Missiles
 c - 3 throwing nets (quivered)
Armour
 b - a +1 helmet of intelligence
 k - a scarf of spirit shield (worn)
 p - a +2 leather armour of cold resistance
 x - the +5 scale mail "Vucaush" (worn) {*Drain rF+ rN++ Stlth+}
   (You found it on level 6 of the Dungeon)

   It protects you from fire.
   It greatly protects you from negative energy.
   It causes draining when unequipped.
   It makes you more stealthy.
 C - the +1 ring mail of Nawn {Regen+ Str+5}
   (You found it on level 8 of the Dungeon)

   It affects your strength (+5).
   It increases your rate of regeneration.
 E - a +1 hat of magic resistance (worn)
Jewellery
 g - a +2 ring of dexterity (left hand)
 t - an uncursed ring of positive energy
 u - a ring of poison resistance (right hand)
Wands
 a - a wand of enslavement (9)
 q - a wand of paralysis (4)
 v - a wand of random effects (12)
 w - a wand of iceblast (12)
 B - a wand of acid (11)
Scrolls
 d - 3 scrolls of fog {unknown}
 f - a scroll of amnesia
 h - 6 scrolls of remove curse
 i - 5 scrolls of identify
 o - 2 scrolls of teleportation {unknown}
 r - a scroll of silence {unknown}
 y - 2 scrolls of fear
Potions
 e - 5 potions of brilliance
 j - 4 potions of heal wounds
 l - 2 potions of magic
 m - 8 potions of curing
 n - a potion of ambrosia
 s - 2 potions of flight
 A - a potion of might {unknown}
 D - a potion of mutation {unknown}


   Skills:
 * Level 5.4 Fighting
 - Level 1.5 Throwing
 * Level 4.2 Armour
 * Level 7.6 Dodging
 * Level 9.7 Stealth
 + Level 11.1 Unarmed Combat
 - Level 1.4 Spellcasting
 - Level 2.3 Conjurations
 - Level 2.9 Air Magic
 - Level 2.6 Poison Magic
 * Level 2.8 Invocations


You had 8 spell levels left.
You knew the following spells:

 Your Spells              Type           Power        Failure   Level  Hunger
a - Mephitic Cloud        Conj/Pois/Air  #.......     71%         3    N/A

Your spell library contained the following spells:

 Spells                   Type           Power        Failure   Level  Hunger
 Sting                    Conj/Pois      #...         36%         1    N/A
 Magic Dart               Conj           #...         38%         1    N/A
 Poisonous Vapours        Pois/Air       #.....       45%         2    N/A
 Blink                    Tloc           N/A          85%         2    N/A
 Call Imp                 Summ           #.......     85%         2    N/A
 Slow                     Hex            #.......     85%         2    N/A
 Conjure Flame            Conj/Fire      #.......     89%         3    N/A
 Olgreb's Toxic Radiance  Pois           #.......     98%         4    N/A
 Venom Bolt               Conj/Pois      #.........   100%        5    N/A

Dungeon Overview and Level Annotations

Branches:
Dungeon (9/15)             Temple (1/1) D:7           Sewer (visited)
   Lair: D:8-11         Orc: D:9-12

Altars:
Ashenzari
Cheibriados
Dithmenos
Elyvilon
Fedhas
Gozag
Hepliaklqana
Kikubaaqudgha
Makhleb
Nemelex Xobeh
Okawaru
Qazlal
Ru
Sif Muna
Trog
Uskayaw
Vehumet
Wu Jian
Xom
Yredelemnul
Zin
The Shining One


Innate Abilities, Weirdness & Mutations

You do not eat.
Your natural rate of healing is unusually fast.
You have razor-sharp teeth.
You have supernaturally acute eyesight. (SInv)
You can survive without breathing.


Message History

Aim: a two-headed ogre, wielding a +0 giant club and a +0 giant spiked club (heavily wounded)
You can't stand on top of the monster!
Aiming: Line Pass
Press: ? - help, Dir - move target cursor, p - two-headed ogre The two-headed ogre appears confused.
You barely miss the two-headed ogre.
The two-headed ogre is heavily wounded.
The two-headed ogre seems less confused.
The two-headed ogre hits you with a +0 giant club!!
* * * LOW HITPOINT WARNING * * *
The two-headed ogre hits you with a +0 giant spiked club!
* * * LOW HITPOINT WARNING * * *
Uskayaw prepares the audience for your solo!
The helpless two-headed ogre fails to defend itself.
You punch the two-headed ogre!
You bite the two-headed ogre, but do no damage.
The two-headed ogre is severely wounded.
The two-headed ogre is no longer paralysed.
The two-headed ogre hits you with a +0 giant club!!
You die...

... .. ..# ...
#.# #.# #.# #.#
#.# #.# #.# ##.#
#.###.### ...#
#.#...(.# # ...#
#.#.###.####.####
...# #...#
#)O@......#
...#####.#.#
#.###...#.#
.........#......
.....#
.#.......###..##
.....# .#.#######
#..# #.#..# .#.#
#..# .#..# # .#.#
#..# .# .# # .#.#
#. .# # # .#.# #


You could see a two-headed ogre.

Vanquished Creatures
  Gastronok (D:8)
  Erica (D:8)
  Grinder (D:4)
  Prince Ribbit (D:5)
  A hippogriff (D:8)
  5 yaks (D:8)
  Duvessa (D:4)
  An orc warrior (D:7)
  2 water moccasins
  A sky beast (D:6)
  An ice beast (D:9)
  3 phantoms
  3 ogres
  A centaur (D:8)
  3 big kobolds
  6 bullfrogs
  Dowan (D:4)
  6 scorpions
  3 wights (D:6)
  5 howler monkeys
  4 crimson imps
  2 jellies
  8 orc wizards
  A centaur zombie (D:6)
  6 hounds
  5 orc priests
  2 bullfrog skeletons (D:6)
  An iguana (D:4)
  7 worker ants
  A hound skeleton (D:4)
  A howler monkey zombie (D:5)
  11 adders
  A howler monkey skeleton (D:8)
  A gnoll (D:5)
  6 river rats (Sewer)
  An ooze (D:3)
  An adder zombie (D:5)
  5 adder skeletons
  2 worms
  4 dart slugs
  8 leopard geckos
  20 orcs
  6 giant cockroaches
  11 goblins
  5 hobgoblins
  7 jackals
  3 quokkas
  6 ball pythons
  5 bats
  5 frilled lizards
  30 kobolds
  A leopard gecko skeleton (D:9)
  A quokka zombie (D:6)
  26 rats
251 creatures vanquished.

Notes
Turn   | Place    | Note
-------+----------+-------------------------------------------
     0 | D:1      | Deaus the Vampire Gladiator began the quest for the Orb.
     0 | D:1      | Reached XP level 1. HP: 16/16 MP: 1/1
   119 | D:1      | Reached skill level 1 in Stealth
   119 | D:1      | Reached XP level 2. HP: 22/22 MP: 2/2
   420 | D:1      | Reached skill level 4 in Unarmed Combat
   675 | D:2      | Reached XP level 3. HP: 27/27 MP: 3/3
   928 | D:2      | Reached XP level 4. HP: 22/33 MP: 2/4
  1153 | D:2      | Reached skill level 5 in Unarmed Combat
  1536 | D:3      | Reached XP level 5. HP: 38/38 MP: 5/5
  1764 | D:3      | Found a glowing drain.
  1837 | Sewer    | Entered a sewer
  2021 | Sewer    | Reached skill level 6 in Unarmed Combat
  2310 | Sewer    | Reached XP level 6. HP: 26/44 MP: 2/6
  2625 | D:3      | Found a faded altar of an unknown god.
  3093 | D:4      | Reached skill level 7 in Unarmed Combat
  3137 | D:4      | Noticed Grinder
  3242 | D:4      | Killed Grinder
  3242 | D:4      | Reached XP level 7. HP: 29/40 MP: 5/7
  3522 | D:4      | Learned a level 3 spell: Mephitic Cloud
  3667 | D:4      | You fall into a shaft and drop 2 floors!
  3700 | D:6      | Reached skill level 8 in Unarmed Combat
  3722 | D:5      | Entered Level 5 of the Dungeon
  4093 | D:4      | Reached XP level 8. HP: 50/57 MP: 8/8
  4162 | D:4      | Noticed Duvessa
  4174 | D:4      | Noticed Dowan
  4295 | D:5      | Reached skill level 1 in Conjurations
  4295 | D:5      | Reached skill level 1 in Air Magic
  4295 | D:5      | Reached skill level 1 in Poison Magic
  4419 | D:5      | Reached skill level 9 in Unarmed Combat
  4499 | D:5      | Reached skill level 5 in Dodging
  4499 | D:5      | Reached skill level 5 in Stealth
  4515 | D:5      | Upgraded the game from 0.24-a0-788-g2b66604 to
                  | 0.24-a0-789-g35933f4
  5020 | D:5      | Noticed Prince Ribbit
  5037 | D:5      | Killed Prince Ribbit
  5406 | D:4      | Killed Duvessa
  5416 | D:4      | Killed Dowan
  6032 | D:6      | Reached XP level 9. HP: 55/65 MP: 8/10
  6053 | D:6      | Reached skill level 1 in Spellcasting
  6691 | D:6      | Got a distressingly furry scale mail
  6702 | D:6      | Identified the +5 scale mail "Vucaush" {*Drain rF+ rN++
                  | Stlth+} (You found it on level 6 of the Dungeon)
  6837 | D:6      | Reached skill level 1 in Armour
  7355 | D:7      | Found a staircase to the Ecumenical Temple.
  7373 | Temple   | Entered the Ecumenical Temple
  7616 | Temple   | Became a worshipper of Uskayaw the Reveler
  7693 | D:7      | Reached * piety under Uskayaw
  8023 | D:8      | Reached ** piety under Uskayaw
  8032 | D:8      | Reached *** piety under Uskayaw
  8076 | D:8      | Noticed Erica
  8091 | D:8      | Killed Erica
  8091 | D:8      | Reached skill level 10 in Unarmed Combat
  8091 | D:8      | Reached skill level 1 in Invocations
  8091 | D:8      | Reached XP level 10. HP: 66/73 MP: 10/12
  8181 | D:8      | Found an opulent altar of Gozag.
  8278 | D:8      | Reached **** piety under Uskayaw
  8286 | D:8      | Reached ***** piety under Uskayaw
  8438 | D:8      | Got a fine ring mail
  8439 | D:8      | Identified the +1 ring mail of Nawn {Regen+ Str+5} (You
                  | found it on level 8 of the Dungeon)
  8483 | D:8      | Noticed Gastronok
  8508 | D:8      | Reached skill level 5 in Fighting
  8863 | D:8      | Killed Gastronok
  8863 | D:8      | Reached skill level 11 in Unarmed Combat
  9353 | D:9      | Noticed a two-headed ogre
  9370 | D:9      | Mangled by a two-headed ogre

Levels and vault maps discovered:
D:1:      eino_arrival_cavern_b, layout_rooms, chequers_serial_rivers_small_b,
          bh_walls_and_bars
D:2:      layout_loops_ring
D:3:      layout_loops_ring, chequers_ecumenical_altar_simple,
          gup_sewer_entry_bubbles
D:4:      layout_layer_cave, first_ration, uniq_duvessa, uniq_grinder
D:5:      layout_basic, minmay_between, uniq_prince_ribbit1
D:6:      layout_cave_pools
D:7:      corexii_shack_village, layout_loops_ring, temple_pool_b
D:8:      layout_cave_pods, kennysheep_mini_moat, uniq_erica, uniq_gastronok
D:9:      layout_loops_ring, hangedman_fish_farm
Temple:   nicolae_temple_the_god_donut

Skill      XL: |  1  2  3  4  5  6  7  8  9 10 |
---------------+-------------------------------+-----
Stealth        | 1 2 3 4 6 7 9 |  9.7
Unarmed Combat | 4 5 6 7 8 9 10 11 | 11.1
Fighting       | 2 3 4 5 |  5.4
Dodging        | 4 5 6 7 |  7.6
Conjurations   | 2 |  2.3
Air Magic      | 2 |  2.9
Poison Magic   | 2 |  2.6
Spellcasting   | 1 |  1.4
Armour         | 2 4 |  4.2
Invocations    | 1 2 |  2.8
Throwing       | |  1.5

Action                   |  1- 3 |  4- 6 |  7- 9 | 10-12 || total
-------------------------+-------+-------+-------+-------++-------
Melee: Unarmed           |   122 |   348 |   520 |   162 ||  1152
       Bite              |     9 |    35 |    56 |    20 ||   120
       Punch             |       |    11 |    11 |    12 ||    34
Invok: Line Pass         |       |       |       |     1 ||     1
 Abil: Exsanguinate      |       |     1 |       |       ||     1
       Revivify          |       |       |     1 |       ||     1
Evoke: Wand              |       |       |     3 |     2 ||     5
  Use: Scroll            |       |     8 |       |     1 ||     9
       Potion            |       |     6 |     3 |     1 ||    10
 Stab: Sleeping          |       |     1 |     6 |     3 ||    10
       Paralysed         |       |       |     6 |    12 ||    18
Armor: Scale mail        |    44 |   135 |   132 |    71 ||   382
       Leather armour    |     1 |       |    16 |       ||    17
       Ring mail         |       |       |     8 |       ||     8
Dodge: Dodged            |    73 |   215 |   263 |   108 ||   659

Table legend:
 A = Non-vault XP
 B = Vault XP
 C = Vault XP percentage of total XP
 D = Non-vault monster count
 E = Vault monster count
 F = Vault count percentage of total count
                 A         B        C        D         E       F
            +---------+---------+-------+---------+---------+-------
      Total |    6233 |    4211 |  40.3 |     184 |      67 |  26.7
            +---------+---------+-------+---------+---------+-------
        D:1 |      34 |       0 |   0.0 |      18 |       0 |   0.0
        D:2 |     123 |       0 |   0.0 |      23 |       0 |   0.0
        D:3 |     121 |      25 |  17.1 |      19 |       6 |  24.0
        D:4 |     311 |     507 |  62.0 |      19 |       3 |  13.6
        D:5 |     977 |     268 |  21.5 |      22 |       2 |   8.3
        D:6 |    1229 |       0 |   0.0 |      35 |       0 |   0.0
        D:7 |     736 |      15 |   2.0 |      15 |       6 |  28.6
        D:8 |    1815 |    3147 |  63.4 |      17 |       2 |  10.5
        D:9 |     887 |       0 |   0.0 |      16 |       0 |   0.0
      Sewer |       0 |     249 | 100.0 |       0 |      48 | 100.0
            +---------+---------+-------+---------+---------+-------
